 Seeded DCSS version 0.30.0-13-g156ef70053 (webtiles) character file.

Game seed: 6862222631304461848 (custom seed)

698 Pimp the Cudgeller (level 7, -3/44 HPs)
             Began as a Gargoyle Gladiator on May 17, 2023.
             Was an Initiate of Okawaru.
             Slain by an iguana (4 damage)
             ... on level 5 of the Dungeon.
             The game lasted 00:05:33 (3626 turns).

Pimp the Cudgeller (Gargoyle Gladiator)             Turns: 3626, Time: 00:05:34

Health: -3/44      AC: 14    Str: 18    XL:     7   Next: 65%
Magic:  7/7        EV:  9    Int: 10    God:    Okawaru [......]
Gold:   169        SH:  0    Dex: 17    Spells: 6/6 levels left

rFire   . . .        r - +2 demon whip (vamp)
rCold   . . .        (no shield)
rNeg    + . .        m - +0 chain mail
rPois   ∞            c - +1 helmet
rElec   +            (no cloak)
rCorr   .            (no gloves)
SInv    .            (no boots)
Will    .....        (no amulet) Stlth
                     k - +6 ring of dexterity
HPRegen 0.27/turn    (no ring)
MPRegen 0.10/turn

%: no passive effects
@: no status effects
A: sickness immunity, AC +4, negative energy resistance 1, electricity
resistance, torment resistance 1, petrification resistance
a: Renounce Religion


You were on level 5 of the Dungeon.
You worshipped Okawaru.
Okawaru was noncommittal.
You visited 2 branches of the dungeon, and saw 6 of its levels.

You collected 169 gold pieces.

Inventory:

Hand Weapons
 a - a +1 flail of venom
 r - a +2 vampiric demon whip (weapon)
Missiles
 d - 3 throwing nets (quivered)
 e - a javelin
Armour
 b - a +0 leather armour
 c - a +1 helmet (worn)
 m - a +0 chain mail (worn)
Jewellery
 k - a +6 ring of dexterity (left hand)
Scrolls
 g - a scroll of magic mapping
 o - 3 scrolls of teleportation
 s - a scroll of poison
Potions
 f - a potion of lignification
 h - 3 potions of flight
 i - a potion of haste {unknown}
 j - a potion of curing
 l - a potion of degeneration {unknown}
 n - 2 potions of mutation {unknown}
 p - a potion of might {unknown}
 t - a potion of attraction {unknown}


   Skills:
 + Level 4.9 Fighting
 + Level 5.0 Maces & Flails
 + Level 4.0 Throwing
 + Level 4.1 Dodging


You had 6 spell levels left.
You didn't know any spells.
Your spell library contained the following spells:

 Spells                   Type           Power      Damage    Failure   Level
 Inner Flame              Hex/Fire       0%         N/A       100%        3
 Cause Fear               Hex            0%         N/A       100%        4
 Yara's Violent Unravell  Hex/Tmut       0%         3d3       100%        5
 Dragon Form              Tmut           0%         N/A       100%        7
 Enfeeble                 Hex            0%         N/A       100%        7
 Dragon's Call            Summ           Unusable   N/A       N/A         9

Dungeon Overview and Level Annotations

Branches:
Dungeon (5/15)             Temple (1/1) D:4

Altars:
Dithmenos
Kikubaaqudgha
Okawaru
Sif Muna
Trog
Xom
Yredelemnul
Zin


Innate Abilities, Weirdness & Mutations

You are immune to sickness and miasma.
Your stone body is resilient. (AC +4)
You are immune to poison.
You resist negative energy. (rN+)
You are resistant to electric shocks. (rElec)
You are resistant to unholy torment.
You are immune to petrification.


Message History

There is a stone staircase leading down, spattered with blood here.
You start waiting.
Done waiting.
You climb downwards.
The water moccasin bites you. The iguana bites you.
The orc hits you but does no damage.
The water moccasin bites you but does no damage.
The iguana bites you but does no damage.
The orc barely misses you.
There is a stone staircase leading up here.
You hit the water moccasin.
The water moccasin is moderately wounded.
The water moccasin barely misses you.
You closely miss the water moccasin.
The water moccasin is moderately wounded.
The iguana hisses menacingly.
The iguana bites you. The orc hits you but does no damage.
The water moccasin bites you.
You hit the water moccasin.
You feel better.
The water moccasin is moderately wounded.
The water moccasin bites you.
The iguana bites you but does no damage.
The orc closely misses you.
The orc wizard gestures wildly while chanting.
The orc wizard flickers and vanishes!
Deactivating autopickup; reactivate with Ctrl-A.
You hit the iguana.
The iguana is moderately wounded.
The water moccasin barely misses you. The iguana bites you!
The orc hits you but does no damage. The water moccasin bites you.
You closely miss the iguana.
The iguana is moderately wounded.
The water moccasin bites you. The iguana bites you.
* * * LOW HITPOINT WARNING * * *
The orc hits you with a +0 falchion.
* * * LOW HITPOINT WARNING * * *
The dart slug bites you but does no damage.
The water moccasin bites you.
* * * LOW HITPOINT WARNING * * *
The iguana bites you.
You die...

.o# . #......
....#.###....#
......#.#.... .
...........# .#
.#....#.#..### .##
......#...##.#....
!....>..o..w?.....
....#..oS#........
.# #?{l@#..#.....
#....##.w........
....(....#.......
#........##......
#......... ......
.................
.....?.####.....
.##..... .....
##...


You could see a water moccasin, an iguana, a dart slug and 2 orcs.

Vanquished Creatures
  Sigmund (D:3)
  An ice beast (D:5)
  A scorpion (D:4)
  2 hounds (D:4)
  A jelly (D:4)
  An orc priest (D:4)
  Jessica (D:3)
  An iguana (D:4)
  3 gnolls (D:4)
  10 adders
  6 dart slugs
  12 orcs
  9 ball pythons
  2 bats (D:1)
  6 endoplasms
  3 giant cockroaches
  5 goblins
  6 hobgoblins
  3 quokkas (D:1)
  4 frilled lizards
  10 kobolds
  6 rats
94 creatures vanquished.

Notes
Turn   | Place    | Note
-------+----------+-------------------------------------------
     0 | D:1      | Pimp the Gargoyle Gladiator began the quest for the Orb.
     0 | D:1      | Reached XP level 1. HP: 12/12 MP: 1/1
   192 | D:1      | Reached XP level 2. HP: 18/18 MP: 2/2
   656 | D:2      | Reached XP level 3. HP: 22/22 MP: 3/3
  1403 | D:2      | Reached XP level 4. HP: 25/28 MP: 4/4
  1785 | D:3      | Reached XP level 5. HP: 30/32 MP: 5/5
  1927 | D:3      | Noticed Sigmund
  1949 | D:3      | Killed Sigmund
  1950 | D:3      | Reached skill level 4 in Maces & Flails
  1950 | D:3      | Reached XP level 6. HP: 22/38 MP: 6/6
  2112 | D:3      | Noticed Jessica
  2125 | D:3      | Killed Jessica
  2502 | D:4      | Reached XP level 7. HP: 35/44 MP: 7/7
  3015 | D:4      | Identified a scroll of acquirement
  3015 | D:4      | Acquired a +1 vampiric demon whip
  3065 | D:4      | Found a staircase to the Ecumenical Temple.
  3266 | Temple   | Entered the Ecumenical Temple
  3273 | Temple   | Became a worshipper of Warmaster Okawaru
  3326 | D:5      | Entered Level 5 of the Dungeon
  3360 | D:4      | Reached skill level 5 in Maces & Flails
  3626 | D:5      | HP: 1/44 [water moccasin (6)]
  3626 | D:5      | Slain by an iguana

Illustrated notes

Levels and vault maps discovered:
D:1:      minmay_arrival_pointy, layout_loops_cross, nicolae_titane
D:2:      layout_basic, nicolae_kite_square_tiling_tiny, minmay_snake_closets
D:3:      layout_rooms, st_stairs_11, hex_tiny, hangedman_decor_points,
          minmay_misc_feat_pillars, kennysheep_generic_room_10, uniq_jessica,
          uniq_sigmund
D:4:      layout_loops_ring, temple_statues, corexii_checkpoint_a,
          nicolae_concentric_dashed_squares_wild
D:5:      layout_cave_pools
Temple:   compressed_dpeg_triangle_lava_temple

Skill      XL: |  1  2  3  4  5  6  7 |
---------------+----------------------+-----
Throwing       | 2 3 4 |  4.0
Fighting       | 3 4 |  4.9
Dodging        | 3 4 |  4.1
Maces & Flails | 4 5 |  5.0

Action                     |  1- 3 |  4- 6 |  7- 9 || total
---------------------------+-------+-------+-------++-------
  Melee: Flail             |    89 |   118 |    41 ||   248
         Punch             |       |     2 |     3 ||     5
         Demon whip        |       |       |    34 ||    34
    Use: Scroll            |       |     8 |     4 ||    12
 Armour: Leather armour    |    29 |       |       ||    29
         Chain mail        |    12 |    82 |    60 ||   154
  Dodge: Dodged            |    54 |    47 |    44 ||   145
